[Event "Early-Titled-Tuesday-Blitz-January-23-2024"]
[Site "Chess.com"]
[Date "2024.01.23"]
[Round "3"]
[White "artin10862"]
[Black "LevonAronian"]
[Result "0-1"]
[WhiteElo "2822"]
[BlackElo "3116"]
[TimeControl "180+1"]
[EndTime "8:24:48 PST"]
[Termination "LevonAronian won by resignation"]

1. d4 Nf6 2. c4 c5 3. Nf3 cxd4 4. Nxd4 b6 5. Nc3 Bb7 6. f3 e6 7. e4 d6 8. Be3 a6 9. Qd2 Nbd7 10. O-O-O Rc8 11. Kb1 Ne5 12. b3 Be7 13. g4 Nxf3 14.
Qc2 Nxg4 15. Bc1 Nxd4 16. Rxd4 Bf6 17. Rd1 Bxc3 18. Qxc3 Bxe4+ 19. Bd3 Bxh1 20. Qxg7 Qf6 21. Qxg4 Bf3 22. Qg3 Bxd1 23. Qxd6 Qd8 24. Qg3 Bh5 0-1

[Event "Early-Titled-Tuesday-Blitz-January-23-2024"]
[Site "Chess.com"]
[Date "2024.01.23"]
[Round "3"]
[White "Nouali_Mohamed"]
[Black "ChessGiantYouTube"]
[Result "1-0"]
[WhiteElo "2545"]
[BlackElo "2221"]
[TimeControl "180+1"]
[EndTime "8:24:59 PST"]
[Termination "Nouali_Mohamed won by resignation"]

1. e4 g6 2. d4 Bg7 3. Nc3 d6 4. Be3 e6 5. Qd2 h6 6. f4 a6 7.
Nf3 b5 8. Bd3 Bb7 9. f5 exf5 10.
exf5 Bxf3 11. gxf3 g5 12. h4 gxh4 13. O-O-O Nf6 14. Rxh4 Nbd7 15. Rg1 Bf8 16. Be4 Nxe4 17. Rxe4+ Be7 18. Nd5 1-0

[Event "Early-Titled-Tuesday-Blitz-January-23-2024"]
[Site "Chess.com"]
[Date "2024.01.23"]
[Round "3"]
[White "Better_Chess_Faster"]
[Black "Giorno"]
[Result "1/2-1/2"]
[WhiteElo "2117"]
[BlackElo "2527"]
[TimeControl "180+1"]
[EndTime "8:25:05 PST"]
[Termination "Game drawn by repetition"]

1. d4 d5 2. Bf4 Nf6 3. e3 e6 4. Nd2 Bd6 5. Bg3 h5 6. Ngf3 Ne4 7. Nxe4 dxe4 8. Nd2 f5 9. Bxd6 cxd6 10. h4 Nd7 11. c3 Nf6 12. g3 d5 13. Be2 Bd7 14.
Qb3 Qb6 15. Qxb6 axb6 16. a3 b5 17. Rc1 Ke7 18. Nb3 b6 19. Na1 Rag8 20. Nc2 g5 21. hxg5 Rxg5 22. Kd2 Ng4 23. Bxg4 Rxg4 24. Rh2 Kf6 25. Rch1 Be8 26. Ne1 Bf7 27. Ng2 Rg7 28. Nf4 Rgh7 29. Rh4 Kg5 30. Ra1 Ra8 31. Rah1 Rah8 32.
Ra1 Ra8 33. Rah1 Rah8 1/2-1/2

[Event "Early-Titled-Tuesday-Blitz-January-23-2024"]
[Site "Chess.com"]
[Date "2024.01.23"]
[Round "3"]
[White "ChainedDowntohell"]
[Black "platy3"]
[Result "0-1"]
[WhiteElo "2562"]
[BlackElo "2864"]
[TimeControl "180+1"]
[EndTime "8:25:09 PST"]
[Termination "platy3 won by checkmate"]

1. d4 Nf6 2. c4 e6 3. Nf3 d5 4.
Nc3 dxc4 5. e3 a6 6. Bxc4 b5 7. Bd3 Bb7 8. O-O c5 9. e4 cxd4 10. e5 dxc3 11. exf6 gxf6 12. Qe2 Rg8 13. Be4 Bxe4 14. Qxe4 Qd5 15. Qxh7 Rg7 16. Qh4 Qxf3 17. g3 Nc6 18. a4 Ne5 19. axb5 Qd5 20. Qxf6 Nf3+ 21.
Kh1 Nxh2+ 22. Kg1 Nf3+ 23. Kh1 Rh7+ 24. Kg2 Rh2# 0-1

[Event "Early-Titled-Tuesday-Blitz-January-23-2024"]
[Site "Chess.com"]
[Date "2024.01.23"]
[Round "3"]
[White "noblerone"]
[Black "GMBenjaminBok"]
[Result "0-1"]
[WhiteElo "2524"]
[BlackElo "2905"]
[TimeControl "180+1"]
[EndTime "8:25:21 PST"]
[Termination "GMBenjaminBok won by resignation"]

1. d4 Nf6 2. c4 e6 3. Nc3 Bb4 4.
Qb3 c5 5. dxc5 Nc6 6. Nf3 Ne4 7. Bd2 Nxd2 8. Nxd2 O-O 9. Nf3 Bxc5 10. e3 b6 11. a3 Bb7 12. Bd3 f5 13. O-O f4 14.
Qc2 fxe3 15. Bxh7+ Kh8 16. Bg6 Rxf3 17. gxf3 Nd4 18. fxe3 Nxc2 19. Bxc2 Qg5+ 20. Kh1 Qxe3 21. Be4 Bxe4 22. Nxe4 Rf8 23. Kg2 Qe2+ 24. Kg3 Qxc4 25. Rac1 Qe2 26. b4 Bd6+ 27. Nxd6 Qe5+ 0-1

[Event "Early-Titled-Tuesday-Blitz-January-23-2024"]
[Site "Chess.com"]
[Date "2024.01.23"]
[Round "3"]
[White "OparinGrigoriy"]
[Black "GMAkobianSTL"]
[Result "1-0"]
[WhiteElo "3036"]
[BlackElo "2753"]
[TimeControl "180+1"]
[EndTime "8:25:23 PST"]
[Termination "OparinGrigoriy won on time"]

1. Nf3 Nf6 2. g3 d5 3. Bg2 c5 4.
c4 d4 5. b4 Nc6 6. b5 Na5 7.
d3 a6 8. a4 e6 9. O-O Be7 10.
e3 dxe3 11. Bxe3 O-O 12. Nc3 b6 13. Ne5 Rb8 14. Nc6 Nxc6 15. bxc6 Qc7 16. Re1 Rd8 17. Rb1 h6 18. a5 bxa5 19. Rxb8 Qxb8 20. Na4 Qb4 21.
c7 Rd7 22. Bd2 Qa3 23. Bxa5 Rxd3 24. Qa1 Ne8 25. Nb6 1-0

[Event "Early-Titled-Tuesday-Blitz-January-23-2024"]
[Site "Chess.com"]
[Date "2024.01.23"]
[Round "3"]
[White "carloseduar100"]
[Black "otrov-11"]
[Result "0-1"]
[WhiteElo "2279"]
[BlackElo "2509"]
[TimeControl "180+1"]
[EndTime "8:25:24 PST"]
[Termination "otrov-11 won by resignation"]

1. g3 Nf6 2. Bg2 g6 3. Nf3 Bg7 4. O-O O-O 5. d4 d6 6. c3 c6 7.
Nbd2 Nbd7 8. Re1 e5 9. e4 a5 10.
Nf1 a4 11. h4 Re8 12. dxe5 dxe5 13. N1h2 Qe7 14. Bg5 h6 15. Be3 Nc5 16. Qc2 Ng4 17. Nxg4 Bxg4 18. Nh2 Be6 19. Rad1 Bxa2 20. Qc1 Kh7 21.
Ng4 h5 22. Nh2 Bc4 23. Bg5 f6 24. Be3 Nd3 25. Rxd3 Bxd3 26. g4 hxg4 27. Nxg4 Bc4 28. Qd1 a3 29. bxa3 Rxa3 30. h5 gxh5 31. Nh2 Bf7 32. Bf3 Rd8 33. Qc1 Ra2 34. Kh1 Qa3 35.
Qb1 Qb2 36. Qxb2 Rxb2 37. Nf1 Bh6 38. Ng3 Bxe3 39. Rxe3 Rxf2 0-1

[Event "Early-Titled-Tuesday-Blitz-January-23-2024"]
[Site "Chess.com"]
[Date "2024.01.23"]
[Round "3"]
[White "19912131712118"]
[Black "Doomfist26"]
[Result "0-1"]
[WhiteElo "2428"]
[BlackElo "2606"]
[TimeControl "180+1"]
[EndTime "8:25:25 PST"]
[Termination "Doomfist26 won by resignation"]

1. e4 c5 2. Nf3 d6 3. d4 cxd4 4.
Nxd4 Nf6 5. Nc3 Bd7 6. f4 e5 7. fxe5 dxe5 8. Nf3 Nc6 9. Bd3 Bc5 10. Bg5 h6 11. Bh4 O-O 12. Rf1 Be7 13. Bg3 Bg4 14. a3 Qb6 15. Rb1 Rad8 16. h3 Bh5 17. Qd2 Rfe8 18.
Bf2 Qc7 19. g4 Bg6 20. Qe2 Nd4 21. Nxd4 exd4 22. Nb5 Qe5 23. Qf3 Nxe4 24. Kd1 a6 25.
Nc7 Nxf2+ 26. Rxf2 Qxc7 27. Bxg6 fxg6 0-1

[Event "Early-Titled-Tuesday-Blitz-January-23-2024"]
[Site "Chess.com"]
[Date "2024.01.23"]
[Round "3"]
[White "FairChess_on_YouTube"]
[Black "BardArtem"]
[Result "1-0"]
[WhiteElo "3114"]
[BlackElo "2816"]
[TimeControl "180+1"]
[EndTime "8:25:29 PST"]
[Termination "FairChess_on_YouTube won by resignation"]

1. d4 Nf6 2. c4 b6 3. Nc3 Bb7 4. Nf3 g6 5. d5 Bg7 6. e4 O-O 7.
Bd3 e6 8. O-O Na6 9. Re1 Nc5 10.
Bc2 exd5 11. exd5 d6 12. Be3 Re8 13. Qd2 Nfe4 14. Nxe4 Nxe4 15. Bxe4 Rxe4 16. Bd4 Rxe1+ 17. Rxe1 Qd7 18. Bxg7 Kxg7 19. Qc3+ Kg8 20. Ng5 Qg4 21. Ne4 Qh4 22. Nf6+ Kf8 23. Nd7+ Kg8 24. Nf6+ Kf8 25. Ne8 f6 26. g3 Qg5 27. Nxc7 1-0

[Event "Early-Titled-Tuesday-Blitz-January-23-2024"]
[Site "Chess.com"]
[Date "2024.01.23"]
[Round "3"]
[White "Arystanner"]
[Black "Oleksandr_Bortnyk"]
[Result "0-1"]
[WhiteElo "2781"]
[BlackElo "3083"]
[TimeControl "180+1"]
[EndTime "8:25:31 PST"]
[Termination "Oleksandr_Bortnyk won by resignation"]

1. e4 Nf6 2. e5 Nd5 3. d4 d6 4. c4 Nb6 5. exd6 exd6 6. Nf3 Be7 7. Bd3 Bg4 8. h3 Bh5 9. O-O Nc6 10. Be3 O-O 11. Nc3 Nb4 12. Be2 Re8 13. a3 Nc6 14. d5 Bxf3 15. Bxf3 Ne5 16. Bxb6 axb6 17. Be2 Bf6 18. Rc1 Ng6 19. Bf3 Bxc3 20. Rxc3 Qf6 21. Re1 Rxe1+ 22. Qxe1 Ne5 23. Be2 g6 24. Bf1 h5 25.
Qe4 Kg7 26. Re3 Ra4 27. Qc2 Ra8 28. Be2 Re8 29. Qe4 Ng4 30. hxg4 Rxe4 31. Rxe4 hxg4 32. Bxg4 Qxb2 33. Re7 Qc1+ 34. Kh2 Qxc4 0-1

[Event "Early-Titled-Tuesday-Blitz-January-23-2024"]
[Site "Chess.com"]
[Date "2024.01.23"]
[Round "3"]
[White "Chempiblinka"]
[Black "IsaqueGoncalvesSanto"]
[Result "1-0"]
[WhiteElo "2319"]
[BlackElo "1793"]
[TimeControl "180+1"]
[EndTime "8:25:31 PST"]
[Termination "Chempiblinka won on time"]

1. Nf3 e6 2. c4 d5 3. g3 c6 4. Bg2 Nf6 5. O-O Be7 6. d4 O-O 7. Qc2 b6 8. Nbd2 a5 9. e4 dxe4 10.
Nxe4 Ba6 11. b3 Nbd7 12. Bb2 Nxe4 13. Qxe4 Rc8 14. Rfd1 Nf6 15. Qe3 Ng4 16. Qe2 Bf6 17. Ne5 Bxe5 18. dxe5 Qg5 19. h4 1-0

[Event "Early-Titled-Tuesday-Blitz-January-23-2024"]
[Site "Chess.com"]
[Date "2024.01.23"]
[Round "3"]
[White "TigrVShlyape"]
[Black "nekotyanof"]
[Result "1-0"]
[WhiteElo "2934"]
[BlackElo "2643"]
[TimeControl "180+1"]
[EndTime "8:25:35 PST"]
[Termination "TigrVShlyape won by resignation"]

1. d4 Nf6 2. Bf4 g6 3. c3 Bg7 4. Nf3 O-O 5. Nbd2 d5 6. e3 Nbd7 7. h3 c5 8. Be2 b6 9. O-O Bb7 10. a4 Ne4 11. a5 Nxd2 12. Qxd2 e5 13. Nxe5 Nxe5 14. Bxe5 Bxe5 15. dxe5 bxa5 16. f4 f5 17.
Rfd1 Qb6 18. c4 d4 19. exd4 cxd4 20. Qxd4 Rfd8 21. Qxb6 axb6 22. Kf2 Kf7 23. g4 Ke6 24. Ke3 Rxd1 25. Rxd1 a4 26. Rd6+ Ke7 27. Rxb6 Bc8 28. g5 a3 29. bxa3 Rxa3+ 30. Bd3 Ra1 31. Rb8 Bd7 32. Rh8 h5 33. gxh6 Rh1 34. Rh7+ Ke6 35. c5 Rxh3+ 36. Kd4 1-0

[Event "Early-Titled-Tuesday-Blitz-January-23-2024"]
[Site "Chess.com"]
[Date "2024.01.23"]
[Round "3"]
[White "only_strong_moves"]
[Black "Chessbard1972"]
[Result "1-0"]
[WhiteElo "2614"]
[BlackElo "2432"]
[TimeControl "180+1"]
[EndTime "8:25:35 PST"]
[Termination "only_strong_moves won by checkmate"]

1. d4 Nf6 2. Nc3 d5 3. Bf4 Bf5 4. e3 e6 5. Nf3 Bb4 6. a3 Bxc3+ 7. bxc3 h6 8. Ne5 Nbd7 9. Rb1 Rb8 10. Bb5 O-O 11. g4 Nxe5 12. gxf5 Nc4 13. Bxc4 dxc4 14. Rg1 Kh8 15. Qf3 exf5 16. Qh3 Ng8 17. Qg3 g6 18. Bxc7 Qe8 19. Bxb8 Qxb8 20. Qxb8 Rxb8 21. f3 Nf6 22. Kd2 b5 23. a4 a6 24. axb5 axb5 25. Rb2 Nd5 26. e4 fxe4 27. fxe4 Nf6 28. Re1 Re8 29. e5 Ng4 30. Rxb5 Nxh2 31. Rh1 Ng4 32. Rc5 Kg7 33.
Rxc4 h5 34. Rc7 Nf2 35. Rxf7+ Kxf7 36. Rf1 g5 37. Rxf2+ Ke6 38. Rf6+ Kd5 39. Kd3 Rd8 40. c4# 1-0

[Event "Early-Titled-Tuesday-Blitz-January-23-2024"]
[Site "Chess.com"]
[Date "2024.01.23"]
[Round "3"]
[White "Njal28"]
[Black "TregubovP"]
[Result "1-0"]
[WhiteElo "3044"]
[BlackElo "2672"]
[TimeControl "180+1"]
[EndTime "8:25:37 PST"]
[Termination "Njal28 won by resignation"]

1. d4 Nf6 2. c4 e6 3. Nc3 Bb4 4. e3 b6 5. a3 Bxc3+ 6. bxc3 c5 7. Ne2 Nc6 8. Ng3 Ba6 9. e4 d6 10. Qa4 Qd7 11. Qxa6 cxd4 12. Qa4 dxc3 13. Qc2 O-O 14. Qxc3 d5 15. cxd5 exd5 16. Bb5 Rac8 17. O-O dxe4 18. Bb2 Qe6 19. Rac1 Na5 20. Qe5 Qb3 21. Nf5 Rxc1 22. Ne7+ Kh8 23. Rxc1 h6 24. Nf5 Rd8 25. Nxg7 1-0

[Event "Early-Titled-Tuesday-Blitz-January-23-2024"]
[Site "Chess.com"]
[Date "2024.01.23"]
[Round "3"]
[White "masnyszachistaaa"]
[Black "shimastream"]
[Result "0-1"]
[WhiteElo "2529"]
[BlackElo "3017"]
[TimeControl "180+1"]
[EndTime "8:25:37 PST"]
[Termination "shimastream won by resignation"]

1. d4 d5 2. c4 e6 3. Nf3 c5 4. cxd5 exd5 5. a3 Nc6 6. dxc5 Bxc5 7. b4 Be7 8. Bb2 Bf6 9. Bxf6 Qxf6 10. Nbd2 g5 11. h3 Nge7 12. g3 h5 13. Bg2 Be6 14. Rc1 Rd8 15. Nb3 d4 16. Nc5 g4 17. hxg4 hxg4 18. Rxh8+ Qxh8 19. Nh4 Bd5 20. Bxd5 Rxd5 21. Nxb7 Qe5 22. Qd3 Qg5 23. Nc5 Qxc1+ 24. Qd1 0-1

[Event "Early-Titled-Tuesday-Blitz-January-23-2024"]
[Site "Chess.com"]
[Date "2024.01.23"]
[Round "3"]
[White "betta2004"]
[Black "EdmundPlayer"]
[Result "1-0"]
[WhiteElo "2549"]
[BlackElo "2256"]
[TimeControl "180+1"]
[EndTime "8:25:37 PST"]
[Termination "betta2004 won by checkmate"]

1. d4 Nf6 2. Nc3 d5 3. Bf4 a6 4. e3 c5 5. dxc5 Nc6 6. a3 e5 7.
Bg5 Be6 8. b4 Be7 9. Nf3 h6 10.
Bxf6 Bxf6 11. Be2 e4 12. Nd4 Nxd4 13. exd4 g5 14. Na4 Rc8 15. Nb6 Rc7 16. a4 O-O 17. c3 Bg7 18. Qb3 f5 19. O-O-O f4 20. Rhe1 g4 21. Bf1 Qg5 22. Rxe4 dxe4 23. Qxe6+ Rcf7 24. Qxe4 Kh8 25. f3 Re7 26. Qd5 Qh4 27. fxg4 Qf2 28. Bd3 Re3 29. Nc4 Re1 30. Rxe1 Qxe1+ 31. Kc2 f3 32. gxf3 Qf2+ 33. Kb3 Rxf3 34. Qe4 Rf4 35.
Qh7# 1-0

[Event "Early-Titled-Tuesday-Blitz-January-23-2024"]
[Site "Chess.com"]
[Date "2024.01.23"]
[Round "3"]
[White "campochess"]
[Black "dirk_da_player"]
[Result "0-1"]
[WhiteElo "2106"]
[BlackElo "2364"]
[TimeControl "180+1"]
[EndTime "8:25:38 PST"]
[Termination "dirk_da_player won by resignation"]

1. d4 d5 2. Bg5 f6 3. Bd2 c5 4. e3 Nc6 5. c4 dxc4 6. dxc5 e5 7. Bxc4 Bxc5 8. Qh5+ g6 9. Qe2 Nge7 10. a3 Kf8 11.
Nc3 Kg7 12. Rd1 Nf5 13. Ne4 Qe7 14. Nxc5 Qxc5 15. Nf3 e4 16. Ng1 Ne5 17. Ba2 Bd7 18. Bb4 Qb6 19. Rxd7+ Nxd7 20. Nh3 Ne5 21. O-O Nd3 22.
Bc3 Rhd8 23. Be6 Qxe6 0-1

[Event "Early-Titled-Tuesday-Blitz-January-23-2024"]
[Site "Chess.com"]
[Date "2024.01.23"]
[Round "3"]
[White "ETTrainer"]
[Black "falzehope0"]
[Result "1-0"]
[WhiteElo "2596"]
[BlackElo "2423"]
[TimeControl "180+1"]
[EndTime "8:25:40 PST"]
[Termination "ETTrainer won by resignation"]

1. d4 e6 2. e4 d5 3. Bd3 f5 4.
exf5 exf5 5. Nf3 Nf6 6. O-O Bd6 7. Ne5 O-O 8. Bd2 Nc6 9. c3 Nxe5 10. dxe5 Bxe5 11.
Re1 Bd6 12. h3 Ne4 13. Be3 c6 14. c4 Be5 15. Qc2 Qf6 16. Bxe4 fxe4 17. Nc3 Be6 18. cxd5 cxd5 19. Rad1 Rac8 20. Qa4 Bxc3 21. bxc3 Qxc3 22. Qxa7 Qc6 23. Rc1 Qa6 24. Qd4 Rxc1 25. Rxc1 Qxa2 26. Qe5 Bf7 27. Bd4 1-0

[Event "Early-Titled-Tuesday-Blitz-January-23-2024"]
[Site "Chess.com"]
[Date "2024.01.23"]
[Round "3"]
[White "Zgorl"]
[Black "Zurability"]
[Result "0-1"]
[WhiteElo "2506"]
[BlackElo "2752"]
[TimeControl "180+1"]
[EndTime "8:25:41 PST"]
[Termination "Zurability won by resignation"]

1. Nf3 d5 2. c4 d4 3. b4 c5 4. Bb2 Nf6 5. g3 Nc6 6. b5 Nb8 7. Bg2 Nbd7 8. e3 e5 9. exd4 cxd4 10.
O-O Bd6 11. d3 O-O 12. a4 Nc5 13. Ba3 Nfd7 14. Re1 Re8 15. Nbd2 Bf8 16. Qc2 Rb8 17. Nb3 Nxb3 18. Qxb3 Bxa3 19. Qxa3 b6 20. a5 Bb7 21.
Nd2 Bxg2 22. Kxg2 Re6 23. Nb3 Qc7 24. axb6 axb6 25. Qa7 Qc8 26. Re2 Rh6 27. Rae1 Ra8 0-1

[Event "Early-Titled-Tuesday-Blitz-January-23-2024"]
[Site "Chess.com"]
[Date "2024.01.23"]
[Round "3"]
[White "JeFumeDesClopes"]
[Black "Ezov"]
[Result "1-0"]
[WhiteElo "2546"]
[BlackElo "2227"]
[TimeControl "180+1"]
[EndTime "8:25:42 PST"]
[Termination "JeFumeDesClopes won by checkmate"]

1. Nf3 d5 2. g3 h5 3. c4 h4 4.
Nxh4 Nf6 5. cxd5 Nxd5 6. Nc3 c6 7. Bg2 g5 8. Nf3 g4 9. Nh4 Be6 10. d4 Na6 11. e4 Nxc3 12. bxc3 Qd7 13. Bf4 Bc4 14. Nf5 O-O-O 15. Ne3 Be6 16. O-O Bg7 17. d5 cxd5 18. exd5 Bf5 19. Qb3 Nc5 20. Qa3 b6 21. Nxf5 Qxf5 22. Qxa7 Qd7 23. Qb8# 1-0

[Event "Early-Titled-Tuesday-Blitz-January-23-2024"]
[Site "Chess.com"]
[Date "2024.01.23"]
[Round "3"]
[White "Boninknights"]
[Black "MalyDominator"]
[Result "1-0"]
[WhiteElo "2355"]
[BlackElo "2546"]
[TimeControl "180+1"]
[EndTime "8:25:46 PST"]
[Termination "Boninknights won by resignation"]

1. d4 Nf6 2. Nf3 d5 3. c4 e6 4. Nc3 Bb4 5. Qa4+ Nc6 6. Bg5 h6 7. Bxf6 Qxf6 8. e3 O-O 9. cxd5 exd5 10. Be2 Bd7 11. Rc1 Bxc3+ 12. Rxc3 Rfd8 13. Qb3 Rab8 14. Qxd5 Be6 15. Qh5 Bxa2 16. b3 Bb1 17. O-O Bg6 18.
Qh4 Qd6 19. Rfc1 Rd7 20. Bb5 Qa3 21. Bxc6 bxc6 22. Ne5 Rd6 23. Nc4 Qa2 24. Nxd6 cxd6 25. Rxc6 Qxb3 26. h3 a5 27. Rc8+ Kh7 28. Qd8 Rxc8 29.
Rxc8 Be4 30. Qh8+ Kg6 31. Rg8 Kh5 32. Qxg7 Bg6 33. Qf6 1-0

[Event "Early-Titled-Tuesday-Blitz-January-23-2024"]
[Site "Chess.com"]
[Date "2024.01.23"]
[Round "3"]
[White "GianmarcoVaR"]
[Black "Mikhail_Golubev"]
[Result "1-0"]
[WhiteElo "2753"]
[BlackElo "2507"]
[TimeControl "180+1"]
[EndTime "8:25:49 PST"]
[Termination "GianmarcoVaR won by resignation"]

1. d4 Nf6 2. Nf3 d6 3. Nc3 Bg4 4. Nd2 d5 5. f3 Bh5 6. g4 Bg6 7. h4 h5 8. g5 Qd6 9. Kf2 Nfd7 10. e4 e5 11. Nxd5 exd4 12. Nc4 Qc6 13. Bf4 Na6 14.
Na5 Qa4 15. Nb3 c6 16. Bxa6 cxd5 17. Bxb7 dxe4 18. Bxa8 e3+ 19. Kg3 Bc5 20. c3 d3 21.
Nxc5 1-0

[Event "Early-Titled-Tuesday-Blitz-January-23-2024"]
[Site "Chess.com"]
[Date "2024.01.23"]
[Round "3"]
[White "vladgoncharov"]
[Black "viniciusrego"]
[Result "1-0"]
[WhiteElo "2638"]
[BlackElo "2452"]
[TimeControl "180+1"]
[EndTime "8:25:49 PST"]
[Termination "vladgoncharov won by checkmate"]

1. d4 Nf6 2. c4 e6 3. Nc3 Bb4 4. e3 Bxc3+ 5. bxc3 c5 6. Bd3 d6 7. Ne2 Nc6 8. O-O e5 9. d5 Na5 10. e4 b6 11. Ng3 Ba6 12. Qe2 Qd7 13. Bg5 Qg4 14. Qe3 Bxc4 15. Bxf6 gxf6 16. Nf5 Rg8 17. g3 Kd7 18. Bxc4 Nxc4 19. Qd3 b5 20. a4 a6 21.
axb5 axb5 22. Nh6 Qg6 23. Nxg8 Qxg8 24. Rfb1 Rxa1 25. Rxa1 Kc7 26. Ra6 Kb7 27. Rc6 Qa8 28. Qf3 Qa1+ 29. Kg2 Nd2 30. Qe2 Qxc3 31. Qxb5+ Ka7 32.
Ra6# 1-0

[Event "Early-Titled-Tuesday-Blitz-January-23-2024"]
[Site "Chess.com"]
[Date "2024.01.23"]
[Round "3"]
[White "DenLaz"]
[Black "I_am_Javi"]
[Result "1-0"]
[WhiteElo "3083"]
[BlackElo "2782"]
[TimeControl "180+1"]
[EndTime "8:25:51 PST"]
[Termination "DenLaz won by resignation"]

1. d4 Nf6 2. c4 g6 3. g3 Bg7 4. Bg2 O-O 5. Nc3 d6 6. Nf3 c5 7. O-O Nc6 8. dxc5 dxc5 9. Bf4 Be6 10. Ne5 Nxe5 11. Bxe5 Qb6 12. b3 Rad8 13. Qc2 Nd7 14.
Bxg7 Kxg7 15. Rad1 Nf6 16. Nd5 Bxd5 17. cxd5 Nd7 18.
e4 Rc8 19. Kh1 Rfd8 20. f4 Qa6 21. Qc3+ Kg8 22. e5 b5 23. f5 b4 24. Qe3 c4 25.
bxc4 Rxc4 26. d6 Re8 27. e6 Nf6 28. exf7+ Kxf7 29. Qe6+ Kg7 30. d7 Qxe6 31. dxe8=N+ 1-0

[Event "Early-Titled-Tuesday-Blitz-January-23-2024"]
[Site "Chess.com"]
[Date "2024.01.23"]
[Round "3"]
[White "Durarbayli"]
[Black "anasta10"]
[Result "1-0"]
[WhiteElo "2881"]
[BlackElo "2523"]
[TimeControl "180+1"]
[EndTime "8:25:52 PST"]
[Termination "Durarbayli won by resignation"]

1. c4 Nf6 2. Nc3 c5 3. Nf3 g6 4. e3 Bg7 5. d4 cxd4 6. exd4 d5 7. cxd5 Nxd5 8. Bc4 Nb6 9. Bb3 O-O 10. O-O Nc6 11. d5 Na5 12. h3 Bf5 13. Re1 Rc8 14. Bg5 Re8 15. Nd4 Nxb3 16. axb3 h6 17. Bh4 Bd7 18.
Rxa7 Qc7 19. Bxe7 Qf4 20. Re4 Qb8 21. Ra1 Bf5 22. Nxf5 gxf5 23. Re1 Nd7 24. d6 b5 25. Qf3 b4 26. Nd5 f4 27. Qxf4 Bxb2 28. Qg4+ Bg7 29. Qxd7 1-0

[Event "Early-Titled-Tuesday-Blitz-January-23-2024"]
[Site "Chess.com"]
[Date "2024.01.23"]
[Round "3"]
[White "annasargsyan_m"]
[Black "ilya2700"]
[Result "1-0"]
[WhiteElo "2565"]
[BlackElo "2348"]
[TimeControl "180+1"]
[EndTime "8:25:53 PST"]
[Termination "annasargsyan_m won by checkmate"]

1. d4 Nf6 2. c4 g6 3. g3 Bg7 4. Bg2 O-O 5. Nc3 d6 6. Nf3 c5 7. O-O Nc6 8. dxc5 dxc5 9. Be3 Nd7 10. Qc1 Nb6 11. Rd1 Qc7 12. Bxc5 Nxc4 13. Nd5 Qa5 14. Qxc4 Be6 15. Rab1 Rfd8 16. e4 Rac8 17. b4 Qa4 18. Qb3 Qb5 19. a4 Qa6 20. b5 Qa5 21. Qa3 Bxd5 22.
exd5 Ne5 23. Nxe5 Bxe5 24. Bxe7 Rd7 25. Bb4 Qb6 26. d6 Rc2 27. Rf1 Bxd6 28. Bxd6 Rxd6 29. Qe3 Qa5 30. Bxb7 Qxa4 31. Bc6 Qc4 32. Rbc1 Re6 33. Rxc2 Qxc2 34. Qxa7 h5 35. Bd5 Rf6 36. h4 Qd2 37. Qa2 Qb4 38. Qc4 Qd6 39. Kg2 Rf5 40. Bc6 g5 41.
hxg5 Rxg5 42. Qh4 Qg6 43. Re1 Kg7 44. Qd4+ f6 45. Re7+ Kh6 46. Be4 Rg4 47. Qe3+ Qg5 48. Rh7# 1-0

[Event "Early-Titled-Tuesday-Blitz-January-23-2024"]
[Site "Chess.com"]
[Date "2024.01.23"]
[Round "3"]
[White "Sam_ChessMood"]
[Black "SAInt_666"]
[Result "0-1"]
[WhiteElo "2906"]
[BlackElo "2679"]
[TimeControl "180+1"]
[EndTime "8:25:56 PST"]
[Termination "SAInt_666 won by resignation"]

1. d4 d5 2. c4 e6 3. Nf3 c6 4.
Qc2 Nf6 5. g3 dxc4 6. Qxc4 b5 7.
Qc2 Bb7 8. Bg2 Nbd7 9. Nc3 a6 10. Ne5 Nxe5 11. dxe5 Nd5 12. O-O Be7 13. Rd1 Qb8 14.
Bf4 g5 15. Nxd5 cxd5 16. Be3 O-O 17. Bd4 Rc8 18. Qd2 Qc7 19. Rac1 Qd8 20. Bf3 Qf8 21. Kg2 Rxc1 22. Rxc1 Rc8 23. Rxc8 Qxc8 24. e3 b4 25. Be2 a5 26. f4 Ba6 27. Bxa6 Qxa6 28. Qc2 Qc4 29.
Qxc4 dxc4 30. b3 c3 31. Kf3 Bc5 0-1

[Event "Early-Titled-Tuesday-Blitz-January-23-2024"]
[Site "Chess.com"]
[Date "2024.01.23"]
[Round "3"]
[White "FMCASTE"]
[Black "Genghis_K"]
[Result "0-1"]
[WhiteElo "2487"]
[BlackElo "2853"]
[TimeControl "180+1"]
[EndTime "8:25:59 PST"]
[Termination "Genghis_K won by resignation"]

1. b3 Nf6 2. Bb2 g6 3. g3 Bg7 4. Bg2 c5 5. e3 d5 6. Ne2 Nc6 7.
d3 e5 8. Nd2 O-O 9. a3 Be6 10.
h3 Re8 11. Qb1 Qd7 12. Qa2 a5 13. Rd1 a4 14. Qa1 d4 15. e4 axb3 16. cxb3 Na5 17. Qc1 Nxb3 18. Nxb3 Bxb3 19. Rd2 Rac8 20. O-O Nh5 21. f4 exf4 22. gxf4 b5 23. Qe1 Qa7 24.
Kh1 Rcd8 25. f5 c4 26. Bc1 c3 27. Rd1 Be5 28. Qh4 Bxd1 29. Rxd1 Qa4 30. Rf1 Qc2 31. Nf4 Bxf4 32. Bxf4 Qxd3 33. fxg6 hxg6 34. Be5 c2 35. Qg5 Rd7 36. Kh2 Rxe5 37. Qxe5 Qg3+ 38. Qxg3 Nxg3 39. Kxg3 d3 0-1

[Event "Early-Titled-Tuesday-Blitz-January-23-2024"]
[Site "Chess.com"]
[Date "2024.01.23"]
[Round "3"]
[White "biostatistician"]
[Black "Eeleyah"]
[Result "1-0"]
[WhiteElo "2582"]
[BlackElo "2402"]
[TimeControl "180+1"]
[EndTime "8:25:59 PST"]
[Termination "biostatistician won by resignation"]

1. d4 d5 2. Nf3 Nf6 3. c4 e6 4. Bg5 Nbd7 5. Nc3 Bb4 6. e3 c5 7. cxd5 exd5 8. Qc2 Qa5 9. Bd3 c4 10. Bf5 O-O 11. O-O Bxc3 12. Qxc3 Qxc3 13. bxc3 Ne4 14. Bxe4 dxe4 15. Nd2 Nb6 16. Nxe4 Be6 17. Nc5 Rfe8 18. Nxb7 Na4 19. Rfc1 Reb8 20. Nc5 Nxc5 21. dxc5 Bf5 22. Bf4 Rc8 23. Bd6 Bd3 24. f3 a5 25.
e4 f6 26. Rd1 Ra7 27. Rd2 Rb7 28. Kf2 Kf7 29. Ke3 Ke6 30. g4 g6 31. Rg1 Rb5 32.
Rgg2 Rd8 33. Rb2 Rxd6 34. cxd6 Rc5 35. Rb6 f5 36. exf5+ gxf5 37. g5 Re5+ 38. Kf4 Re1 39. h4 Rh1 40. g6 hxg6 41. Rxg6+ Kf7 42. Rh6 Kg7 43. d7 1-0

[Event "Early-Titled-Tuesday-Blitz-January-23-2024"]
[Site "Chess.com"]
[Date "2024.01.23"]
[Round "3"]
[White "Sebastian"]
[Black "Alexei_Kornev"]
[Result "1-0"]
[WhiteElo "3004"]
[BlackElo "2716"]
[TimeControl "180+1"]
[EndTime "8:26:01 PST"]
[Termination "Sebastian won by resignation"]

1. e4 c5 2. Nf3 d6 3. d4 cxd4 4.
Nxd4 Nf6 5. Nc3 a6 6. Bg5 e6 7. Qe2 b5 8. a3 Bb7 9. O-O-O Nbd7 10. h4 h6 11. Bd2 Rc8 12. Rh3 Qb6 13. Nb3 Ne5 14.
f4 Nc4 15. Be1 h5 16. Rhd3 Be7 17. g3 O-O 18. Bh3 g6 19. g4 hxg4 20. Bxg4 d5 21.
e5 Ne4 22. h5 b4 23. axb4 Bxb4 24. hxg6 fxg6 25. Qh2 Ne3 26. Qh6 Nf5 27. Qxg6+ Ng7 28. Nxe4 dxe4 29. Rd7 1-0